 Dungeon Sprint DCSS version 0.19.1 (webtiles) character file.

29176 equalderp2856 the Eviscerator (level 13, 0/61 HPs)
             Began as a Felid Fighter on Nov 28, 2016.
             Was the Champion of Nemelex Xobeh.
             Slain by a frost giant
             ... wielding a +2 battleaxe of freezing
              (7 damage)
             ... in the Dungeon (Sprint IX: "|||||||||||||||||||||||||||||").
             The game lasted 00:34:25 (12785 turns).

equalderp2856 the Eviscerator (Felid Fighter)      Turns: 12785, Time: 00:34:27

Health: 0/61       AC:  3    Str: 14    XL:     13   Next: 13%
Magic:  22/22      EV: 34    Int: 16    God:    Nemelex Xobeh [******]
Gold:   1692       SH:  0    Dex: 18    Spells: 5 memorised, 14 levels left
                                        Lives:  0   Deaths: 4

rFire  . . .     SeeInvis +       - Unarmed
rCold  + . .     Gourm    .     (armour unavailable)
rNeg   . . .     Faith    .     (shield unavailable)
rPois  .         Spirit   .     (helmet unavailable)
rElec  .         Reflect  .     (cloak unavailable)
rCorr  .         Harm     .     (gloves unavailable)
MR     +....     NoTele   +     (boots unavailable)
Stlth  +++++++++.               (no amulet)
                                n - +3 ring of intelligence
                                m - +3 ring of intelligence

@: quick
A: no armour, no weapons or thrown items, stealth, claws 1, fangs 3, see
invisible, carnivore 3, speed 1, shaggy fur 3, slow metabolism 1, sharp paws
a: Triple Draw, Deal Four, Stack Five, Renounce Religion


You were in the Dungeon.
You worshipped Nemelex Xobeh.
Nemelex Xobeh was exalted by your worship.
You were not hungry.

You visited 1 branch You collected 1912 gold pieces.
You spent 220 gold pieces at shops.

Inventory:

Hand Weapons
 u - a +0 short sword
Armour
 v - a +0 chain mail
Jewellery
 m - a +3 ring of intelligence (left paw)
 n - a +3 ring of intelligence (right paw)
 E - an uncursed ring of protection from cold
 F - an uncursed ring of ice
 G - an uncursed ring of protection from magic
Wands
 l - a wand of lightning (7/15)
 q - a wand of iceblast (7/15)
 J - a wand of lightning (8/15)
Scrolls
 h - 2 scrolls of blinking
 j - 4 scrolls of remove curse
 k - 2 scrolls of amnesia
 s - 2 scrolls of identify
 t - 2 scrolls of fog
 I - a scroll of recharging
Potions
 a - 2 potions of might
 c - a potion of invisibility
 d - 3 potions of heal wounds
 e - a potion of haste
 f - 4 potions of magic
 g - 5 potions of curing
 r - a potion of brilliance
 C - a potion of agility {unknown}
Books
 z - a book of Minor Magic

   Spells                             Type                      Level
   a - Magic Dart                     Conjuration                  1
   b - Blink                          Translocation                2
   c - Call Imp                       Summoning                    2
   d - Repel Missiles                 Charms/Air                   2
   e - Slow                           Hexes                        2
   f - Conjure Flame                  Conjuration/Fire             3
   g - Mephitic Cloud                 Conjuration/Poison/Air       3
Miscellaneous
 b - a plain deck of escape
 i - an ornate deck of destruction
 y - a plain deck of destruction
 A - an ornate deck of destruction {drawn: 1}
 B - a plain deck of escape
 D - an ornate deck of summoning {drawn: 2}
 H - a legendary deck of destruction {drawn: 4}
 K - a plain deck of escape
 L - an ornate deck of destruction
 M - an ornate deck of destruction
 N - an ornate deck of escape {drawn: 1}
Comestibles
 w - 11 meat rations


   Skills:
 + Level 10.0 Fighting
 + Level 19.0 Dodging
 + Level 22.8 Stealth
 + Level 26.1 Unarmed Combat
 + Level 5.5 Spellcasting
 + Level 2.2 Charms
 + Level 7.4 Translocations
 + Level 2.0 Air Magic
 + Level 10.4 Invocations


You had 14 spell levels left.
You knew the following spells:

 Your Spells              Type           Power        Failure   Level  Hunger
a - Magic Dart            Conj           #...         17%         1    None
b - Blink                 Tloc           N/A          1%          2    #......
c - Call Imp              Summ           #.......     24%         2    #......
d - Repel Missiles        Chrm/Air       ##....       10%         2    #......
e - Slow                  Hex            #.......     24%         2    #......


Dungeon Overview and Level Annotations

Branches:
Dungeon (1/1)

Altars:
Cheibriados
Dithmenos
Elyvilon
Fedhas
Gozag
Hepliaklqana
Kikubaaqudgha
Makhleb
Nemelex Xobeh
Okawaru
Qazlal
Ru
Sif Muna
Trog
Uskayaw
Vehumet
Xom
Yredelemnul
Zin
The Shining One
Beogh
Jiyva
Lugonu

Shops:
D *(=(


Innate Abilities, Weirdness & Mutations

You cannot wear armour.
You are incapable of wielding weapons or throwing items.
Your paws allow you to move quietly. (Stealth)
You have sharp claws.
You have razor-sharp teeth.
You have supernaturally acute eyesight. (SInv)
You are carnivorous and can eat meat at any time.
You cover ground quickly.
Your thick and shaggy fur keeps you warm. (AC +3, rC+)
You have a slow metabolism.
Your sharp claws are effective at attacking unaware monsters.


Message History

Evoke which item? (* to show all) (? for menu, Esc to quit)
You draw a card...
It is the Cloud.
Clouds appear around you!
You mangle the frost giant!! You claw the frost giant!
The frost giant is moderately wounded.
You barely miss the frost giant.
The frost giant is moderately wounded.
The frost giant is engulfed in roaring flames.
The frost giant casts a spell at you. The bolt of cold hits you! You resist.
You claw the frost giant!
The frost giant is heavily wounded.
You claw the frost giant!
The frost giant is severely wounded.
The frost giant is engulfed in roaring flames.
The frost giant hits you with a battleaxe of freezing!!
Ouch! That really hurt!
* * * LOW HITPOINT WARNING * * *
The frost giant freezes you!
You die...
Your body glows with a rainbow of weird colours and disappears.

......)..........................
▓▓▓▓▓▓▓▓▓▓▓▓▓▓▓▓▓▓▓▓▓▓▓▓▓▓▓▓▓▓▓▓▓
'....)..).))[[[[[[[.))))))))()..=
▓▓▓▓▓▓▓▓▓▓▓▓▓▓▓▓▓▓▓▓▓▓▓▓▓▓▓▓▓▓▓▓▓
...........).....................
▓▓▓▓▓▓▓▓♣♣♣♣♣♣♣♣♣♣▓▓▓▓▓▓▓▓▓▓▓▓▓▓▓
.....()'.).......'.........)(..).
▓▓▓▓▓▓▓▓♣♣♣♣♣♣♣♣♣♣▓▓▓▓▓▓▓▓▓▓▓▓▓▓▓
.[....).....).)(@C(§.(........[C.
▓▓▓▓▓▓▓▓▓▓▓▓▓▓▓▓▓▓▓▓▓▓▓▓▓▓▓▓▓▓▓▓▓
)))))('.u...............)C....)..
▓▓▓▓▓▓▓▓▓▓▓▓▓▓▓▓▓▓▓▓▓▓▓▓▓▓▓▓▓▓▓▓▓


You could see a frost giant.

Vanquished Creatures
  A shadow dragon (D)
  A storm dragon (D)
  Donald (D)
  3 frost giants (D)
  An ironheart preserver (D)
  2 stone giants (D)
  Nessos (D)
  Josephine (D)
  A great orb of eyes (D)
  An ettin (D)
  A fire dragon (D)
  2 rakshasas (D)
  2 ice dragons (D)
  2 naga warriors (D)
  2 centaur warriors (D)
  2 hydras (D)
  A satyr (D)
  7 ogre magi (D)
  A tengu warrior (D)
  A vampire mage (D)
  A naga sharpshooter (D)
  Urug (D)
  Sonja (D)
  A shock serpent (D)
  3 deep trolls (D)
  2 unseen horrors (shapeshifter) (D)
  A glowing orange brain (D)
  3 hill giants (D)
  A harpy (D)
  4 orc knights (D)
  A necromancer (D)
  A wolf spider (D)
  An orb spider (D)
  3 cyclopes (D)
  Maurice (D)
  A water nymph (D)
  A naga mage (D)
  4 black mambas (D)
  Joseph (D)
  2 spiny frogs (D)
  A gargoyle (D)
  A kobold demonologist (D)
  A demonic crawler (D)
  A komodo dragon (D)
  3 trolls (D)
  2 merfolk (D)
  A tengu conjurer (D)
  2 tyrant leeches (D)
  A wind drake (D)
  4 jumping spiders (D)
  4 blink frogs (D)
  2 two-headed ogres (D)
  A snapping turtle (D)
  2 bog bodies (D)
  A hippogriff (D)
  3 slime creatures (D)
  4 wraiths (D)
  2 tarantellas (D)
  Grum (D)
  A yak (D)
  A basilisk (D)
  5 vampire mosquitoes (D)
  An insubstantial wisp (D)
  2 nagas (D)
  4 water moccasins (D)
  A porcupine (D)
  2 swamp drakes (D)
  9 orc warriors (D)
  2 ogres (D)
  2 wolves (D)
  3 centaurs (D)
  4 bullfrogs (D)
  3 orc priests (D)
  7 orc wizards (D)
  A worker ant (D)
  A shadow imp (D)
  A worm (shapeshifter) (D)
  A leopard gecko (D)
  9 orcs (D)
  A giant cockroach (D)
  4 kobolds (D)
  A ball python skeleton (D)
171 creatures vanquished.

Vanquished Creatures (collateral kills)
  A yaktaur captain (D)
  A fire dragon (D)
  A hell knight (D)
  A water nymph (D)
  Psyche (D)
  A yak (D)
  2 wolves (D)
  An iguana (D)
  A leopard gecko zombie (D)
10 creatures vanquished.

Vanquished Creatures (others)
  A blink frog (D)
1 creature vanquished.

Grand Total: 182 creatures vanquished

Notes
Turn   | Place    | Note
-------+----------+-------------------------------------------
     0 | D        | equalderp2856 the Felid Fighter began the quest for the Orb.
     0 | D        | Reached XP level 1. HP: 10/10 MP: 2/2
    16 | D        | Noticed a centaur
    16 | D        | Noticed an orc wizard
    16 | D        | Noticed a centaur
    16 | D        | Noticed an ogre
    24 | D        | Killed an ogre
    24 | D        | Reached skill level 7 in Unarmed Combat
    24 | D        | Reached XP level 2. HP: 15/15 MP: 3/3
    24 | D        | Reached XP level 3. HP: 18/18 MP: 4/4
    24 | D        | Reached XP level 4. HP: 22/22 MP: 5/5
    29 | D        | Killed a centaur
    29 | D        | Reached skill level 5 in Fighting
    29 | D        | Reached skill level 9 in Unarmed Combat
    29 | D        | Reached XP level 5. HP: 14/26 MP: 6/6
    43 | D        | Killed a centaur
    43 | D        | Reached skill level 10 in Unarmed Combat
    43 | D        | Gained mutation: You are covered in thick fur. (AC +2) [Felid growth]
    43 | D        | Reached XP level 6. HP: 5/31 MP: 7/7
    46 | D        | Found a roughly hewn altar of Beogh.
    46 | D        | Found a snail-covered altar of Cheibriados.
    46 | D        | Found a shadowy altar of Dithmenos.
    46 | D        | Found a white marble altar of Elyvilon.
    46 | D        | Found a blossoming altar of Fedhas.
    46 | D        | Found an opulent altar of Gozag.
    47 | D        | Found a hazy altar of Hepliaklqana.
    48 | D        | Found a viscous altar of Jiyva.
    49 | D        | Found an ancient bone altar of Kikubaaqudgha.
    50 | D        | Found a corrupted altar of Lugonu.
    51 | D        | Found a burning altar of Makhleb.
    52 | D        | Found a sparkling altar of Nemelex Xobeh.
    53 | D        | Found an iron altar of Okawaru.
   303 | D        | Found a stormy altar of Qazlal.
   304 | D        | Found a sacrificial altar of Ru.
   305 | D        | Found a deep blue altar of Sif Muna.
   306 | D        | Found a bloodstained altar of Trog.
   307 | D        | Found a hide-covered altar of Uskayaw.
   308 | D        | Found a radiant altar of Vehumet.
   309 | D        | Found a shimmering altar of Xom.
   310 | D        | Found a basalt altar of Yredelemnul.
   311 | D        | Found a glowing silver altar of Zin.
   312 | D        | Found a glowing golden altar of the Shining One.
   325 | D        | Became a worshipper of Nemelex Xobeh the Trickster
   352 | D        | Received a gift from Nemelex Xobeh
   372 | D        | Noticed a yak
   372 | D        | Noticed a yak
   372 | D        | Noticed a two-headed ogre
   378 | D        | Killed a two-headed ogre
   378 | D        | Reached skill level 11 in Unarmed Combat
   392 | D        | Killed a yak
   392 | D        | Reached skill level 10 in Dodging
   392 | D        | Reached XP level 7. HP: 35/35 MP: 8/8
   397 | D        | Reached skill level 12 in Unarmed Combat
   403 | D        | Killed a yak
   419 | D        | Noticed a slime creature
   419 | D        | Noticed a cyclops
   423 | D        | Reached skill level 5 in Stealth
   605 | D        | Reached skill level 13 in Unarmed Combat
   615 | D        | Hit by a large rock thrown by a cyclops
   616 | D        | Reached XP level 6. HP: -3/33 MP: 7/7
   616 | D        | Reached * piety under Nemelex Xobeh
   626 | D        | Received a gift from Nemelex Xobeh
   676 | D        | Killed a slime creature
   676 | D        | Reached XP level 7. HP: 32/36 MP: 8/8
   693 | D        | Killed a cyclops
   693 | D        | Reached skill level 14 in Unarmed Combat
   693 | D        | Reached skill level 1 in Invocations
   930 | D        | Received a gift from Nemelex Xobeh
   930 | D        | Reached ** piety under Nemelex Xobeh
   978 | D        | Noticed a spiny frog
   978 | D        | Noticed a komodo dragon
   978 | D        | Noticed a basilisk
   988 | D        | Mangled by a komodo dragon
   989 | D        | Reached XP level 6. HP: -12/33 MP: 7/7
  1508 | D        | Killed a komodo dragon
  1508 | D        | Reached XP level 7. HP: 23/36 MP: 8/8
  1612 | D        | Killed a basilisk
  1636 | D        | Killed a spiny frog
  1636 | D        | Reached skill level 15 in Unarmed Combat
  1636 | D        | Reached XP level 8. HP: 22/40 MP: 8/10
  2026 | D        | Noticed a spiny frog
  2384 | D        | Killed a spiny frog
  2384 | D        | Reached skill level 16 in Unarmed Combat
  2725 | D        | Noticed a four-headed hydra
  2725 | D        | Noticed a black mamba
  2725 | D        | Noticed a black mamba
  2725 | D        | Noticed a hippogriff
  2727 | D        | Killed a hippogriff
  2727 | D        | Reached XP level 9. HP: 44/44 MP: 11/11
  2728 | D        | Noticed a four-headed hydra
  3063 | D        | Killed a black mamba
  3063 | D        | Reached skill level 10 in Stealth
  3229 | D        | Killed a black mamba
  3229 | D        | Reached skill level 17 in Unarmed Combat
  3235 | D        | Killed a four-headed hydra
  3758 | D        | Received a gift from Nemelex Xobeh
  3762 | D        | Killed a four-headed hydra
  3762 | D        | Reached skill level 18 in Unarmed Combat
  3762 | D        | Reached XP level 10. HP: 39/49 MP: 12/12
  4322 | D        | Reached skill level 15 in Dodging
  4385 | D        | Received a gift from Nemelex Xobeh
  4420 | D        | Noticed Joseph
  4436 | D        | Killed Joseph
  4440 | D        | Reached skill level 19 in Unarmed Combat
  4639 | D        | Noticed Grum
  4644 | D        | Noticed Psyche
  4659 | D        | Killed Grum
  4697 | D        | Killed Psyche
  4723 | D        | Reached *** piety under Nemelex Xobeh
  4735 | D        | Received a gift from Nemelex Xobeh
  4783 | D        | Received a gift from Nemelex Xobeh
  4938 | D        | Reached **** piety under Nemelex Xobeh
  5523 | D        | Found Yvomuuxe's Antique Weapon Boutique.
  5523 | D        | Noticed a hill giant
  5523 | D        | Noticed an ettin
  5523 | D        | Noticed a hill giant
  5523 | D        | Noticed an ogre mage
  5524 | D        | Noticed a deep troll
  5525 | D        | Reached XP level 11. HP: 52/52 MP: 13/13
  5526 | D        | Found Anox's Jewellery Shop.
  5527 | D        | Killed an ogre mage
  5528 | D        | Noticed a deep troll
  5529 | D        | Killed a hill giant
  5530 | D        | Found Vivogg's Weapon Boutique.
  5531 | D        | Killed an ettin
  5531 | D        | Reached skill level 20 in Unarmed Combat
  5535 | D        | Killed a hill giant
  5535 | D        | Reached skill level 15 in Stealth
  5791 | D        | Killed a deep troll
  5966 | D        | Killed a deep troll
  6085 | D        | Found Reakepil's General Store.
  6087 | D        | Noticed a stone giant
  6088 | D        | Noticed a hill giant
  6089 | D        | Noticed a deep troll
  6334 | D        | Killed a stone giant
  6571 | D        | Killed a deep troll
  6654 | D        | Killed a hill giant
  6654 | D        | Reached skill level 21 in Unarmed Combat
  6667 | D        | Noticed an ogre mage
  6760 | D        | Killed an ogre mage
  6945 | D        | Bought a book of Minor Magic for 220 gold pieces
  6956 | D        | Learned a level 1 spell: Magic Dart
  6959 | D        | Learned a level 2 spell: Blink
  6962 | D        | Learned a level 2 spell: Call Imp
  6965 | D        | Learned a level 2 spell: Repel Missiles
  6968 | D        | Learned a level 2 spell: Slow
  6993 | D        | Received a gift from Nemelex Xobeh
  7011 | D        | Noticed Sonja
  7018 | D        | Killed Sonja
  7041 | D        | Noticed Urug
  7059 | D        | Killed Urug
  7206 | D        | Received a gift from Nemelex Xobeh
  7233 | D        | Reached ***** piety under Nemelex Xobeh
  7240 | D        | Received a gift from Nemelex Xobeh
  7275 | D        | Noticed a centaur warrior
  7275 | D        | Noticed an orc knight
  7277 | D        | Killed an orc knight
  7277 | D        | Gained mutation: Your thick and shaggy fur keeps you warm. (AC +3, rC+) [Felid growth]
  7277 | D        | Reached XP level 12. HP: 57/57 MP: 14/14
  7289 | D        | Killed a centaur warrior
  7293 | D        | Noticed a centaur warrior
  7489 | D        | Noticed a stone giant
  7492 | D        | Killed a stone giant
  7492 | D        | Reached skill level 22 in Unarmed Combat
  7542 | D        | Killed a centaur warrior
  7556 | D        | Noticed an ice dragon
  7562 | D        | Noticed a rakshasa
  7741 | D        | Killed an ice dragon
  7926 | D        | Killed a rakshasa
  8116 | D        | Noticed Donald
  8122 | D        | Noticed Maurice
  8123 | D        | Killed Donald
  8123 | D        | Reached skill level 23 in Unarmed Combat
  8130 | D        | Killed Maurice
  8143 | D        | Received a gift from Nemelex Xobeh
  8151 | D        | Noticed Josephine
  8162 | D        | Killed Josephine
  8632 | D        | Reached XP level 13. HP: 54/60 MP: 16/16
  8633 | D        | Received a gift from Nemelex Xobeh
  8726 | D        | Reached skill level 24 in Unarmed Combat
  9115 | D        | HP: 2/60 [naga warrior/trident (5)]
  9117 | D        | Slain by a naga warrior
  9118 | D        | Reached XP level 12. HP: -3/57 MP: 15/15
  9398 | D        | Killed a naga warrior
  9714 | D        | Killed a naga warrior
 10570 | D        | Received a gift from Nemelex Xobeh
 10589 | D        | Noticed Nessos
 10594 | D        | Killed Nessos
 10594 | D        | Reached skill level 1 in Spellcasting
 10594 | D        | Reached skill level 1 in Translocations
 10605 | D        | Received a gift from Nemelex Xobeh
 10619 | D        | Reached ****** piety under Nemelex Xobeh
 10653 | D        | Received a gift from Nemelex Xobeh
 10653 | D        | Noticed a storm dragon
 10653 | D        | Noticed an ogre mage
 10653 | D        | Noticed an ogre mage
 10653 | D        | Noticed a frost giant
 10653 | D        | Noticed a fire dragon
 10653 | D        | Noticed a tengu warrior
 10654 | D        | Noticed a yaktaur captain
 10655 | D        | Killed a tengu warrior
 10655 | D        | Reached skill level 25 in Unarmed Combat
 10656 | D        | Noticed a fire dragon
 10665 | D        | Killed a fire dragon
 10747 | D        | Killed an ogre mage
 10779 | D        | Killed a frost giant
 10819 | D        | HP: 2/58 [poisoned by an ogre mage (bolt of poison)]
 11117 | D        | Killed an ogre mage
 11198 | D        | Killed a fire dragon
 11208 | D        | Killed a yaktaur captain
 11208 | D        | Reached skill level 5 in Translocations
 11229 | D        | Noticed a frost giant
 11242 | D        | Slain by a frost giant
 11243 | D        | Reached XP level 11. HP: -3/54 MP: 15/16
 11380 | D        | Noticed a glowing orange brain
 11382 | D        | Killed a storm dragon
 11382 | D        | Reached XP level 12. HP: 27/58 MP: 16/18
 11397 | D        | Reached skill level 5 in Invocations
 11511 | D        | Noticed a shadow dragon
 11511 | D        | a frost giant changed into a shadow dragon
 11515 | D        | Killed a shadow dragon
 11621 | D        | Noticed an ice dragon
 11635 | D        | Killed an ice dragon
 11746 | D        | Noticed a frost giant
 11756 | D        | Killed a frost giant
 11756 | D        | Reached skill level 1 in Charms
 11893 | D        | Noticed a frost giant
 11897 | D        | Killed a frost giant
 11897 | D        | Reached skill level 5 in Spellcasting
 11955 | D        | Noticed a vampire mage
 11966 | D        | Killed a vampire mage
 11966 | D        | Reached skill level 10 in Fighting
 11966 | D        | Reached skill level 1 in Air Magic
 12020 | D        | Noticed an ogre mage
 12092 | D        | Killed an ogre mage
 12110 | D        | Noticed a great orb of eyes
 12120 | D        | Killed a great orb of eyes
 12124 | D        | Noticed an ogre mage
 12124 | D        | Noticed an ogre mage
 12124 | D        | Noticed a rakshasa
 12125 | D        | Noticed an ironheart preserver
 12132 | D        | Killed a rakshasa
 12134 | D        | Killed an ogre mage
 12134 | D        | Reached skill level 26 in Unarmed Combat
 12135 | D        | Noticed a frost giant
 12136 | D        | Killed an ogre mage
 12136 | D        | Reached skill level 10 in Invocations
 12136 | D        | Reached XP level 13. HP: 61/61 MP: 22/22
 12137 | D        | Noticed a brown very ugly thing
 12138 | D        | Killed an ironheart preserver
 12139 | D        | Noticed a vault warden
 12145 | D        | Noticed a frost giant
 12785 | D        | Slain by a frost giant

Skill      XL: |  1  2  3  4  5  6  7  8  9 10 11 12 13 |
---------------+----------------------------------------+-----
Fighting       | 4 5 6 7 8 9 10 | 10.0
Dodging        | 6 7 8 12 11 13 14 15 16 17 19 | 19.0
Stealth        | 2 3 6 8 9 11 13 22 21 | 22.8
Unarmed Combat | 7 9 10 11 15 16 18 19 21 26 24 | 26.1
Invocations    | 1 2 10 | 10.4
Spellcasting   | 5 |  5.5
Translocations | 7 |  7.4
Charms         | 1 2 |  2.2
Air Magic      | 1 2 |  2.0

Action                   |  1- 3 |  4- 6 |  7- 9 | 10-12 | 13-15 || total
-------------------------+-------+-------+-------+-------+-------++-------
Melee: Unarmed           |    13 |    41 |   135 |   432 |    71 ||   692
       Bite              |     4 |     3 |    19 |    59 |     9 ||    94
       Punch             |       |     2 |    13 |    41 |     8 ||    64
 Cast: Blink             |       |       |       |    11 |     3 ||    14
       Repel Missiles    |       |       |       |     1 |       ||     1
Evoke: Deck              |       |     2 |     2 |    47 |     2 ||    53
  Use: Potion            |       |     3 |     2 |     5 |     4 ||    14
       Scroll            |       |       |       |     1 |       ||     1
 Stab: Distracted        |     1 |       |     4 |    12 |     2 ||    19
       Petrifying        |       |       |     1 |       |       ||     1
       Sleeping          |       |       |     1 |    23 |     4 ||    28
       Confused          |       |       |       |       |     1 ||     1
  Eat: Chunk             |       |       |     1 |     6 |     6 ||    13
       Meat ration       |       |       |     1 |     1 |       ||     2
Armor: Skin              |       |       |     2 |     6 |     1 ||     9
Dodge: Dodged            |     8 |    33 |   121 |   307 |    64 ||   533
       Deflected         |       |       |       |     3 |       ||     3
